 Seeded DCSS version 0.30.1-9-gdf580d7c3d (webtiles) character file.

Game seed: 8421858206422812942 (custom seed)

21 Psyclone the Conjurer (level 2, 22/22 HPs)
             Began as a Deep Elf Conjurer on Oct 1, 2023.
             Quit the game on level 1 of the Dungeon.
             The game lasted 00:01:44 (820 turns).

Psyclone the Conjurer (Deep Elf Conjurer)            Turns: 820, Time: 00:01:44

Health: 22/22      AC: 21    Str:  4    XL:     2   Next: 65%
Magic:  8/8        EV:  2    Int: 22    God:
Gold:   57         SH:  0    Dex: 13    Spells: 4/7 levels left

rFire   + . .        (no weapon)
rCold   + . .        (no shield)
rNeg    . . .        a - melded +0 robe
rPois   +            (helmet currently unavailable)
rElec   +            (cloak currently unavailable)
rCorr   +            (gloves currently unavailable)
SInv    .            c - melded +0 pair of boots
Will    .....        (no amulet)
Stlth   ++           (no ring)
HPRegen 0.23/turn    (no ring)
MPRegen 0.11/turn

%: no passive effects
@: tree-form, resistant
A: stationary, stasis, torment immunity, boosted hp
a: no special abilities


You were on level 1 of the Dungeon.
You were a tree.
You visited 1 branch of the dungeon, and saw 1 of its levels.

You collected 57 gold pieces.

Inventory:

Armour
 a - a +0 robe (melded)
 c - a +0 pair of boots (melded)
Potions
 b - a potion of magic


   Skills:
 + Level 2.9 Dodging
 + Level 3.0 Stealth
 + Level 3.4 Spellcasting
 + Level 4.6 Conjurations


You had 4 spell levels left.
You knew the following spells:

 Your Spells              Type           Power      Damage    Failure   Level
a - Magic Dart            Conj           96%        1d7       1%          1
b - Searing Ray           Conj           48%        2d6       2%          2

Your spell library contained the following spells:

 Spells                   Type           Power      Damage    Failure   Level
 Dazzling Flash           Conj/Hex       26%        N/A       14%         3
 Fulminant Prism          Conj/Hex       6%         3d7       41%         4
 Iskenderun's Mystic Bla  Conj/Tloc      13%        2d5       41%         4


Dungeon Overview and Level Annotations

Branches:
Dungeon (1/15) Zot: 5175

Altars:

Shops:
D:1 :


Message History

Aiming: Magic Dart (safe; 1% risk of failure)
Press: ? - help, Shift-Dir - straight line, f/p - quokka
Aim: a quokka (moderately wounded, 100% to hit)
The magic dart hits the quokka.
The quokka is heavily wounded.
You now have 3/8 mp.
A quokka is nearby!
Casting: Magic Dart (safe; 1% risk of failure)
Confirm with . or Enter, or press ? or * to list all spells.
Aiming: Magic Dart (safe; 1% risk of failure)
Press: ? - help, Shift-Dir - straight line, f/p - quokka
Aim: a quokka (heavily wounded, 100% to hit)
The magic dart hits the quokka.
You kill the quokka!
You now have 2/8 mp.
Key pressed, stopping explore.
Casting: Magic Dart (safe; 1% risk of failure)
Confirm with . or Enter, or press ? or * to list all spells.
You can't see any susceptible monsters within range! (Use Z to cast anyway.) Unknown command.
MP restored: 8
h - an inky potion You now have 57 gold pieces (gained 2).
You see here a +0 club.
You see here a +0 helmet.
You see here a +0 helmet.
There is an escape hatch in the floor here.
Done exploring.
As you read the scroll labelled QASOYPREIR, it crumbles to dust.
You feel strangely unstable.
It was a scroll of teleportation.
It was a potion of resistance.
You feel protected.
It was a potion of heal wounds.
You feel much better.
It was a potion of lignification.
You turn into a tree.
Your +0 pair of boots melds into your body.
Your +0 robe melds into your body.
Your roots penetrate the ground.
You feel strangely stable.
You now have 22/22 hp.
It was a potion of flight.
Your roots keep you in place.
Are you sure you want to abandon this character and quit the game? (Confirm with "yes".)

##.# #.# #..#.# #. #.# #.#
#########..#.## #. #.# #.#
#.......#.....###. #.# #.#
#.#####........##. #.# #.#####.#
#.#......##. #)# #.....>.#
#.....#..### #.# #######.#
#.#...#...## #.#
#.#####.#.#####.## #.#
#♣......#...#...## #.#
####.####.#.#..... #####.#
#.####.#.....## ....#.#
#.............# ....#.#
######........# ......######
############.#...#
...........#####.......####.#.#..
.....#####.......#####......#.#.#
.).#############.# #.######.#.#


There were no monsters in sight!

Vanquished Creatures
  2 dart slugs (D:1)
  An endoplasm (D:1)
  A giant cockroach (D:1)
  4 goblins (D:1)
  A hobgoblin (D:1)
  2 quokkas (D:1)
  2 kobolds (D:1)
  2 rats (D:1)
15 creatures vanquished.

Notes
Turn   | Place    | Note
-------+----------+-------------------------------------------
     0 | D:1      | Psyclone the Deep Elf Conjurer began the quest for the Orb.
     0 | D:1      | Reached XP level 1. HP: 10/10 MP: 6/6
   200 | D:1      | Found Usyenk's Book Shop.
   274 | D:1      | Reached XP level 2. HP: 15/15 MP: 4/8
   403 | D:1      | Learned a level 2 spell: Searing Ray
   820 | D:1      | Quit the game

Illustrated notes

Levels and vault maps discovered:
D:1:      psy_arrival_conway, layout_loops_ring, serial_shops, shop,
          ebering_dispersal_statue_hall, reono_crystal_passage

Skill      XL: |  1  2 |
---------------+-------+-----
Stealth        | 3 |  3.0
Dodging        | |  2.9
Spellcasting   | |  3.4
Conjurations   | |  4.6

Action                     || total
---------------------------++-------
   Cast: Magic Dart        ||    30
    Use: Potion            ||     4
         Scroll            ||     1
 Armour: Robe              ||     1
